 Dungeon Sprint DCSS version 0.16-a0-3781-g2316936 (webtiles) character file.

40 BluebellGnoll the Magician (level 3, -2/21 HPs)
             Began as an Octopode Ice Elementalist on Jan 25, 2015.
             Was an Initiate of Vehumet.
             Shot with an arrow by a centaur (15 damage)
             ... in the Dungeon (Sprint IX: "|||||||||||||||||||||||||||||").
             The game lasted 00:03:55 (328 turns).

BluebellGnoll the Magician (OpIE)                    Turns: 328, Time: 00:03:56

Health: -2/21      AC:  6    Str:  8    XL:     3   Next: 50%
Magic:  13/13      EV: 12    Int: 21    God:    Vehumet [......]
Gold:   0          SH:  0    Dex: 12    Spells: 3 memorised, 8 levels left

rFire  . . .     SeeInvis .     p - +2 halberd of Chagrin {freeze, rPois+ rC+ Str-2 Stlth+}
rCold  + . .     Clarity  .     (no shield)
rNeg   . . .     SustAb   .     (helmet restricted)
rPois  +         Gourm    .     (no amulet)
rElec  .         Spirit   .     r - +3 ring of strength
rCorr  .         Warding  .     s - +3 ring of intelligence
rMut   .         NoTele   +     (no ring)
MR     .....                    (no ring)
Stlth  ++++......               (no ring)
                                (no ring)
                                (no ring)
                                (no ring)

@: icy armour, not resistant to hostile enchantments, stealthy
A: almost no armour, amphibious, 8 rings, constrict 8, camouflage 1, gelatinous
body 1
a: Renounce Religion


You were in the Dungeon.
You worshipped Vehumet.
Vehumet was noncommittal.
You were not hungry.

You visited 1 branch

Inventory:

Hand weapons
 f - a +2 short sword of speed
 p - the +2 halberd of Chagrin (weapon) {freeze, rPois+ rC+ Str-2 Stlth+}
   (You found it in the Dungeon)

   It has been specially enchanted to freeze those struck by it, causing extra
   injury to most foes and up to half again as much damage against particularly
   susceptible opponents.
   It can also slow down cold-blooded creatures.
   It affects your strength (-2).
   It protects you from cold.
   It protects you from poison.
   It makes you more stealthy.
Magical staves
 o - an uncursed staff of energy
Jewellery
 r - a +3 ring of strength (left tentacle)
 s - a +3 ring of intelligence (right tentacle)
Magical devices
 n - a wand of cold (6)
Scrolls
 i - 2 scrolls of blinking
 l - 3 scrolls of remove curse
 m - 2 scrolls of amnesia
Potions
 d - 5 potions of curing
 e - 3 potions of heal wounds
 g - 4 potions of magic
 h - a potion of berserk rage
 k - a potion of invisibility
Books
 b - a book of Frost

   Spells                             Type                      Level
   a - Freeze                         Ice                          1
   b - Throw Frost                    Conjuration/Ice              2
   c - Ozocubu's Armour               Charms/Ice                   3
   d - Throw Icicle                   Conjuration/Ice              4
   e - Summon Ice Beast               Ice/Summoning                4
   f - Condensation Shield            Ice                          4
Comestibles
 c - a bread ration
 j - a chunk of flesh


   Skills:
 - Level 2.0 Dodging
 - Level 2.6 Stealth
 * Level 6.3 Spellcasting
 * Level 1.0 Conjurations
 + Level 3.0 Ice Magic


You had 8 spell levels left.
You knew the following spells:

 Your Spells              Type           Power        Failure   Level  Hunger
a - Freeze                Ice            ###.         2%          1    None
b - Throw Frost           Conj/Ice       ###...       8%          2    None
c - Ozocubu's Armour      Chrm/Ice       ##......     17%         3    #......


Dungeon Overview and Level Annotations

Branches:
Dungeon (1/1)

Altars:
Cheibriados
Dithmenos
Elyvilon
Fedhas
Gozag
Kikubaaqudgha
Makhleb
Nemelex Xobeh
Okawaru
Qazlal
Ru
Sif Muna
Trog
Vehumet
Xom
Yredelemnul
Zin
The Shining One
Beogh
Jiyva
Lugonu


Innate Abilities, Weirdness & Mutations

You cannot wear most types of armour.
You are amphibious.
You can wear up to eight rings at the same time.
You can use your tentacles to constrict many enemies at once.
Your skin changes colour to match your surroundings (Stealth).
Your rubbery body absorbs attacks (AC +1).


Message History

A bat, a gnoll sergeant, a centaur, a troll and 2 crimson imps come into view.
The crimson imp shouts! x2
The centaur wields a shortbow.
The centaur shoots an arrow.
The arrow barely misses you.
The crimson imp blinks!
Unknown command.
Evoke which item? (* to show all) (? for menu, Esc to quit)
Zapping:
n - a wand of cold (7)
Press: ? - help, Shift-Dir - straight line, f - centaur
Aim: a centaur, wielding a shortbow The bolt of cold hits the centaur.
The centaur is severely wounded.
The bolt of cold hits the bat.
You kill the bat!
Vehumet accepts your kill.
The bolt of cold misses the crimson imp.
The bolt of cold misses the gnoll sergeant.
This wand has 6 charges left.
The centaur shoots an arrow.
The arrow hits you! The crimson imp misses you.
The centaur shoots an arrow.
The arrow hits you!
Ouch! That really hurt!
You die...

▓.▓
▓.▓
▓(▓
▓)▓
▓.▓
▓.▓
▓[▓
▓5▓
▓@▓
▓'▓
▓c▓
▓5▓
▓.▓
▓g▓
▓T▓
▓.▓
▓+▓


You could see a troll, a gnoll sergeant, a centaur and 2 crimson imps.

Vanquished Creatures
  A hound (D)
  2 orcs (D)
  A giant cockroach (D)
  A hobgoblin (D)
  A bat (D)
  3 goblins (D)
  A kobold (D)
  A rat (D)
11 creatures vanquished.

Notes
Turn   | Place    | Note
--------------------------------------------------------------
     0 | D        | BluebellGnoll, the Octopode Ice Elementalist, began the quest for the Orb.
     0 | D        | Reached XP level 1. HP: 11/11 MP: 3/3
    76 | D        | Noticed a hound
    83 | D        | Killed a hound
    83 | D        | Reached skill level 6 in Spellcasting
    83 | D        | Reached XP level 2. HP: 9/17 MP: 0/10
    83 | D        | Reached XP level 3. HP: 11/21 MP: 0/12
   140 | D        | Found a glowing silver altar of Zin.
   140 | D        | Found a glowing golden altar of the Shining One.
   140 | D        | Found an ancient bone altar of Kikubaaqudgha.
   140 | D        | Found a basalt altar of Yredelemnul.
   140 | D        | Found a shimmering altar of Xom.
   140 | D        | Found a radiant altar of Vehumet.
   140 | D        | Found an iron altar of Okawaru.
   141 | D        | Found a burning altar of Makhleb.
   142 | D        | Found a deep blue altar of Sif Muna.
   143 | D        | Found a bloodstained altar of Trog.
   144 | D        | Found a sparkling altar of Nemelex Xobeh.
   145 | D        | Found a white marble altar of Elyvilon.
   146 | D        | Found a roughly hewn altar of Beogh.
   147 | D        | Found a viscous altar of Jiyva.
   148 | D        | Became a worshipper of Vehumet
   149 | D        | Found a corrupted altar of Lugonu.
   150 | D        | Found a blossoming altar of Fedhas.
   151 | D        | Found a snail-covered altar of Cheibriados.
   152 | D        | Found a shadowy altar of Dithmenos.
   153 | D        | Found a stormy altar of Qazlal.
   154 | D        | Found an opulent altar of Gozag.
   155 | D        | Found a sacrificial altar of Ru.
   174 | D        | Got the +2 halberd of Chagrin {freeze, rPois+ rC+ Str-2 Stlth+}
   291 | D        | Learned a level 2 spell: Throw Frost
   295 | D        | Learned a level 3 spell: Ozocubu's Armour
   327 | D        | Noticed a centaur
   327 | D        | Noticed a crimson imp
   327 | D        | Noticed a crimson imp
   327 | D        | Noticed a gnoll sergeant
   327 | D        | Noticed a troll
   328 | D        | Shot with an arrow by a centaur

Action                   || total
-------------------------++-------
Melee: Unarmed           ||     7
       Dagger            ||     6
 Cast: Freeze            ||     9
       Ozocubu's Armour  ||     1
Evoke: Staff of energy   ||     2
       Wand              ||     1
  Use: Potion            ||     1
 Stab: Sleeping          ||     1
